 Dungeon Crawl Stone Soup version 0.31.0-32-g396128a36d (webtiles) character file.

Game seed: 1001478349113135278

37 KKCryptic the Changeling (level 3, -2/23 HPs)
             Began as an Octopode Shapeshifter on Mar 30, 2024.
             Slain by a river rat (8 damage)
             ... on level 3 of the Dungeon.
             The game lasted 00:05:19 (1532 turns).

KKCryptic the Changeling (Octopode Shapeshifter)    Turns: 1532, Time: 00:05:20

Health: -2/23      AC:  1    Str: 13    XL:     3   Next: 41%
Magic:  3/3        EV: 12    Int: 12    God:
Gold:   133        SH:  4    Dex: 13    Spells: 2/2 levels left

rFire   . .          .
                       - Unarmed
rCold   . . .        r - +0 buckler
rNeg    . . .        (helmet currently unavailable)
rPois   .            (no amulet)
rElec   .            (no ring)
rCorr   .            (no ring)
SInv    .            (no ring)
Will    .....        (no ring)
Stlth   ++++         (no ring)
HPRegen 0.23/turn    (no ring)
MPRegen 0.08/turn    (no ring)
                     (no ring)

%: no passive effects
@: beast-form
A: beast (slay +2), almost no armour, amphibious, 8 rings, camouflage 1,
gelatinous body 1, nimble swimmer 1, tentacles
a: Begin Untransformation


You were on level 3 of the Dungeon.
You were a hulking beast.
You visited 1 branch of the dungeon, and saw 3 of its levels.

You collected 133 gold pieces.

Inventory:

Armour
 r - a +0 buckler (worn)
Talismans
 b - a beast talisman
 c - a flux talisman
 i - a blade talisman
Scrolls
 e - a scroll of fear
 f - a scroll of teleportation {unknown}
 h - 2 scrolls of vulnerability {unknown}
 k - 2 scrolls of noise {unknown}
 l - a scroll of enchant armour {unknown}
 m - a scroll of brand weapon {unknown}
 n - a scroll of poison {unknown}
 p - a scroll of silence {unknown}
 s - 2 scrolls of identify {unknown}
Potions
 a - a potion of lignification
 d - 2 potions of cancellation {unknown}
 g - a potion of mutation {unknown}
 j - a potion of brilliance {unknown}
 o - a potion of curing {unknown}
 q - 2 potions of enlightenment {unknown}


   Skills:
 - Level 1.0 Fighting
 - Level 2.0 Dodging
 + Level 1.9 Stealth
 + Level 0.0 Shields
 + Level 3.3 Unarmed Combat
 * Level 3.6 Shapeshifting


You had 2 spell levels left.
You didn't know any spells.
Your spell library contained the following spells:

 Spells                   Type           Power      Damage    Failure   Level
 Ozocubu's Armour         Ice            0%         N/A       80%         3
 Summon Ice Beast         Ice/Summ       0%         N/A       80%         3
 Metabolic Englaciation   Hex/Ice        0%         N/A       100%        5
 Summon Mana Viper        Hex/Summ       0%         N/A       100%        5
 Sculpt Simulacrum        Ice/Alch       0%         N/A       100%        6
 Monstrous Menagerie      Summ           0%         N/A       100%        7


Dungeon Overview and Level Annotations

Branches:
Dungeon (3/15)

Altars:


Innate Abilities, Weirdness & Mutations

You are a hulking beast.
Your limbs bulge with bestial killing power. (Slay +2)
You cannot wear most types of armour.
You are amphibious.
You can wear up to eight rings at the same time.
Your skin changes colour to match your surroundings (Stealth+).
Your rubbery body absorbs attacks. (AC +1, EV +1)
You are camouflaged when in or above water. (Stealth+)
You have tentacles for arms and can constrict up to eight enemies at once.


Message History

You see here a giant cockroach corpse.
You closely miss the giant cockroach. You grab the giant cockroach.
You constrict the giant cockroach, but do no damage.
You block the giant cockroach's attack. The giant cockroach barely misses you.
You tentacle-slap the giant cockroach. You squeeze the giant cockroach.
You kill the giant cockroach!
A rat comes into view.
A quokka comes into view.
A river rat comes into view.
The quokka splashes around in the water.
You barely miss the quokka. Your grab misses the quokka.
The rat squeaks loudly.
The rat misses you. You block the quokka's attack.
You tentacle-slap the rat.
You kill the rat!
The quokka barely misses you.
You barely miss the quokka. Your grab misses the quokka.
The river rat closely misses you. The quokka bites you.
You tentacle-slap the river rat but do no damage.
Your grab misses the river rat.
The quokka bites you but does no damage.
The river rat bites you. The quokka completely misses you.
You closely miss the river rat. Your grab misses the river rat.
The river rat bites you! The quokka bites you.
* * * LOW HITPOINT WARNING * * *
The river rat attacks as it pursues you!
The river rat misses you.
You tentacle-slap the river rat but do no damage.
Your grab misses the river rat. The river rat bites you.
* * * LOW HITPOINT WARNING * * *
You barely miss the river rat. Your grab misses the river rat.
The river rat closely misses you.
You tentacle-slap the river rat. You grab the river rat.
The river rat is moderately wounded.
You constrict the river rat, but do no damage.
The river rat barely misses you.
You tentacle-slap the river rat.
The river rat is moderately wounded.
You constrict the river rat. The river rat bites you!
You die...

### ### #
##~######~## #
#~†~†~~~~~~# ##
#~~~####~~~# .#
##~## ##~## .#
##.#~# #~# .#
##.†#~# #h#
.####..##~## #r#
....#..#~~~# #~r†#
.......#~~~# ~~~~~#
###....##~######~##
. ####..#.### ###
.# #.......#
............#
####.......?#


You could see a river rat and a quokka.

Vanquished Creatures
  2 dart slugs (D:2)
  9 ball pythons
  An endoplasm (D:2)
  3 giant cockroaches
  2 hobgoblins
  A quokka (D:1)
  4 bats
  A frilled lizard (D:1)
  5 kobolds
  3 rats
31 creatures vanquished.

Notes
Turn   | Place    | Note
-------+----------+-------------------------------------------
     0 | D:1      | KKCryptic the Octopode Shapeshifter began the quest for the
                  | Orb.
     0 | D:1      | Reached XP level 1. HP: 13/13 MP: 1/1
   370 | D:1      | Found a faded altar of an unknown god.
   373 | D:1      | Reached skill level 1 in Stealth
   373 | D:1      | Reached XP level 2. HP: 18/18 MP: 2/2
   645 | D:2      | Reached XP level 3. HP: 19/23 MP: 3/3
  1532 | D:3      | Slain by a river rat

Illustrated notes

Levels and vault maps discovered:
D:1:      shiori_arrival_whats_in_store_for_you, layout_loops_cross,
          shapermc_ecumenical_altar_notcrosses
D:2:      layout_basic
D:3:      layout_rooms, serial_rivers, chequers_serial_rivers_micro_e,
          chequers_serial_rivers_room_b, chequers_serial_rivers_small_a,
          chequers_serial_rivers_small_3, chequers_serial_rivers_marsh,
          chequers_serial_rivers_micro_d, gup_sewer_entry_bubbles,
          skrybe_limestone_x, uniq_sigmund

Skill      XL: |  1 |
---------------+----+-----
Stealth        | 1 |  1.9
Fighting       | |  1.0
Dodging        | |  2.0
Unarmed Combat | |  3.3
Shapeshifting  | |  3.6

Action                     || total
---------------------------++-------
  Melee: Unarmed           ||    55
         Constrict         ||     9
         Tentacles         ||    10
         Punch             ||     2
    Use: Scroll            ||     1
   Stab: Sleeping          ||    13
 Armour: Skin              ||    23
  Dodge: Dodged            ||    26
  Block: Buckler           ||     4
